Description

Simple roach ravager cheese with Dutch notes

Build Order

Get SALT Encoding   

  12  0:00  Drone  
  13  0:12  Overlord  
  13  0:18  Drone  
  14  0:30  Drone x2  
  14  0:43  Action  - 1 drone natural
  15  0:50  Drone x2  
  16  0:56  Hatchery  
  17  0:57  Drone  
  18  1:08  Extractor  
  17  1:13  Spawning Pool  
  17  1:16  Drone  
  17  1:19  Drone  
  18  1:27  Drone  
  19  1:38  Drone  
  20  1:48  Drone  
  21  2:00  Queen x2  - 1x queen main - 1x queen nat
  21  2:01  Zergling x4  
  27  2:08  Metabolic Boost  
  27  2:09  Action  - 1 drone to 3rd xpanse
  27  2:21  Hatchery  
  26  2:25  Overlord  
  26  2:28  Spore Crawler  
  25  2:32  Drone  
  25  2:34  Drone  
  27  2:44  Drone x3  
  27  2:46  Queen  - 1x queen main
  27  2:51  Overlord  
  32  2:55  Drone  
  32  2:57  Drone  
  34  2:59  Drone  
  35  3:08  Queen  - 1x queen nat
  35  3:10  Drone  
  35  3:11  Drone x2  
  40  3:13  Drone  
  40  3:17  Overlord  
  41  3:22  Drone  
  41  3:23  Drone  
  43  3:32  Queen  - 1x queen 3rd
  43  3:33  Roach Warren  
  44  3:35  Drone x2  
  44  3:38  Drone  
  47  3:44  Extractor  
  47  3:45  Drone x3  
  47  3:46  Extractor  
  48  3:49  Overlord  
  48  3:51  Drone  
  49  4:01  Zergling x10  
  53  4:14  Roach x5  
  63  4:26  Roach  
  65  4:34  Roach x3  
  71  4:45  Zergling x6  
  75  5:09  Ravager x4  
  84  5:18  Ravager x2  
  93  5:29  Ravager  
  99  5:41  Ravager  
  100  5:46  Zergling x30  - Spam lings
Spawning Tool Build Advisor. Get it on Overwolf

Go to:

Details

  • Created by: Juniya
  • Published on: Sep 13, 2024
  • Modified on: Sep 15, 2024
  • Patch: 5.0.11
  • Difficulty: Easy
Show
View Real Time Build Order
Export as new Build Order

Comments (0)

There are no comments. Be the first!

Create an account to comment!